Map: Lost and Found LE

Players

Snute - Winner!

  • Race: Zerg Zerg
  • Spawn Location: 7:00

Seither

  • Race: Terran Terran
  • Spawn Location: 1:00

Event: WCS Austin 2018

VOD

Have the link to the VOD?

Description

Time

  • Played on: June 1, 2018, 11:34 p.m.
  • Length: 11:44

All games in this series

Show
View Real Time Build Order
Export as new Build Order

Snute Zerg - Winner!

Build Orders: Hatch First, Roach Hydra 

Get SALT Encoding   

  12  0:00  Drone  
  13  0:12  Overlord  
  13  0:16  Drone  
  14  0:30  Drone x2  
  14  0:34  Drone  
  17  0:50  Hatchery  
  17  0:53  Drone  
  17  0:56  Drone  
  18  0:58  Extractor  
  17  1:12  Spawning Pool  
  17  1:15  Drone  
  17  1:17  Drone  
  18  1:27  Drone  
  19  1:38  Overlord  
  19  1:49  Drone  
  20  1:58  Metabolic Boost  
  20  1:59  Queen  
  20  2:00  Zergling x2  
  23  2:02  Queen  
  23  2:05  Zergling x2  
  26  2:10  Zergling x2  
  28  2:15  Drone  
  28  2:21  Drone  
  29  2:24  Drone  
  30  2:35  Drone  
  30  2:36  Drone, Queen  
  34  2:42  Overlord  
  34  2:45  Zergling x2  
  35  2:53  Zergling x2  
  36  3:00  Overlord, Hatchery  
  35  3:07  Drone x2  
  35  3:10  Drone  
  35  3:11  Drone x3  
  35  3:12  Drone  
  42  3:18  Overlord  
  42  3:19  Drone  
  42  3:22  Drone  
  43  3:30  Drone  
  43  3:31  Drone  
  45  3:40  Drone  
  45  3:42  Drone, Queen  
  45  3:43  Queen  
  45  3:44  Drone x2  
  45  3:45  Drone  
  52  3:48  Overlord  
  52  3:50  Drone  
  52  3:51  Drone  
  52  3:53  Drone  
  52  3:55  Extractor  
  52  3:58  Roach Warren  
  52  3:59  Drone  
  52  4:05  Zergling x4  
  54  4:13  Zergling x2  
  54  4:14  Extractor  
  54  4:15  Queen, Zergling x2  
  57  4:18  Zergling x8  
  57  4:19  Zergling x2  
  62  4:25  Overlord  
  62  4:26  Drone  
  62  4:29  Drone  
  62  4:30  Drone  
  65  4:34  Drone  
  66  4:39  Evolution Chamber  
  66  4:40  Evolution Chamber  
  66  4:42  Drone x2  
  66  4:46  Drone  
  66  4:48  Drone x2  
  66  4:49  Drone  
  66  4:51  Drone x2  
  72  4:55  Overlord  
  71  5:02  Overlord  
  71  5:03  Roach x4  
  79  5:10  Zerg Ground Armor Level 1, Zerg Missile Weapons Level 1  
  79  5:12  Roach  
  81  5:15  Roach  
  81  5:17  Roach  
  81  5:19  Roach  
  89  5:21  Roach  
  89  5:23  Roach  
  91  5:29  Roach  
  91  5:30  Roach  
  91  5:34  Zergling x6  
  98  5:42  Lair  
  98  5:47  Zergling x2  
  98  5:49  Overlord  
  98  5:51  Extractor  
  98  5:52  Extractor x2  
  98  5:54  Overlord  
  98  5:56  Drone x3  
  98  5:59  Overlord  
  98  6:07  Overlord  
  98  6:08  Drone x8  
  106  6:14  Drone x2  
  106  6:19  Drone  
  96  6:38  Drone x10  
  94  6:41  Drone  
  94  6:44  Zergling x2  
  94  6:45  Zergling x2  
  91  6:47  Glial Reconstitution  
  91  6:48  Hydralisk Den  
  91  6:52  Drone x2  
  91  6:53  Drone x3  
  91  6:57  Roach x3  
  97  7:02  Roach  
  97  7:05  Zerg Ground Armor Level 2, Roach, Zerg Missile Weapons Level 2  
  97  7:07  Roach  
  103  7:09  Hatchery  
  103  7:12  Roach  
  103  7:13  Infestation Pit  
  103  7:19  Grooved Spines, Hydralisk x3  
  103  7:20  Hydralisk  
  103  7:22  Ravager x2  
  113  7:25  Roach x2  
  113  7:29  Roach x2  
  123  7:30  Roach  
  123  7:32  Roach  
  123  7:33  Roach  
  118  7:54  Hydralisk x6  
  130  8:03  Overlord x2  
  130  8:05  Overlord  
  130  8:12  Hive, Extractor  
  129  8:13  Extractor  
  129  8:16  Drone x2  
  130  8:22  Drone x6  
  136  8:29  Queen  
  136  8:30  Queen  
  136  8:32  Spore Crawler  
  136  8:33  Muscular Augments  
  139  8:34  Ravager x2  
  139  8:35  Ravager x3  
  139  8:37  Roach  
  139  8:38  Roach x2  
  150  8:43  Hydralisk  
  150  8:44  Hydralisk  
  150  8:47  Overlord  
  150  8:48  Overlord x3  
  154  8:52  Roach  
  154  8:53  Roach x2  
  154  8:54  Spore Crawler  
  159  9:07  Overlord x2  
  159  9:08  Spore Crawler  
  167  9:24  Viper x2  
  161  9:34  Spore Crawler  
  160  9:38  Roach  
  160  9:39  Roach x4  
  170  9:49  Roach  
  170  9:50  Roach x8  
  188  9:54  Hatchery  
  188  9:55  Spore Crawler  
  188  9:56  Spore Crawler  
  185  10:04  Roach x7  
  199  10:24  Ravager  
  200  10:31  Spore Crawler  
  200  10:33  Spore Crawler  
  200  10:34  Spire  
  197  10:53  Ravager x3  
  176  11:16  Roach x4  
  176  11:17  Roach x3  
Show
View Real Time Build Order
Export as new Build Order

Seither Terran 

Build Orders: Reaper Expand, Bio Tank 

Get SALT Encoding   

  12  0:00  SCV  
  13  0:12  SCV  
  14  0:18  Supply Depot  
  14  0:25  SCV  
  15  0:39  SCV  
  15  0:41  Barracks  
  16  0:46  Refinery  
  16  0:51  SCV  
  17  1:03  SCV  
  18  1:15  SCV  
  19  1:29  Orbital Command  
  19  1:30  Reaper  
  20  1:40  Command Center  
  20  1:51  Supply Depot  
  20  1:55  SCV  
  21  2:02  Marine  
  21  2:08  SCV  
  23  2:09  Factory  
  23  2:20  SCV  
  24  2:25  Barracks Reactor  
  24  2:32  SCV  
  25  2:43  Command Center  
  25  2:44  SCV  
  26  2:53  Orbital Command  
  26  3:03  Starport  
  26  3:04  SCV  
  27  3:09  Refinery  
  27  3:16  Hellion  
  29  3:20  Hellion  
  29  3:24  Barracks Tech Lab  
  31  3:28  SCV  
  31  3:29  SCV  
  29  3:44  Hellion x2  
  32  3:54  SCV x2  
  33  3:56  Orbital Command  
  33  4:01  Banshee  
  36  4:06  SCV x2  
  36  4:08  Barracks Tech Lab  
  38  4:19  SCV  
  38  4:20  SCV  
  38  4:21  Barracks  
  40  4:26  Barracks, Factory Reactor  
  40  4:28  Marine  
  41  4:32  Stimpack  
  41  4:34  SCV  
  41  4:35  SCV x2  
  44  4:47  SCV x2  
  44  4:48  SCV  
  47  4:56  Engineering Bay x2  
  47  4:57  Refinery  
  46  5:06  SCV x2  
  45  5:11  Refinery  
  45  5:12  Marine x2  
  47  5:14  Siege Tank  
  47  5:17  Starport Reactor, SCV  
  47  5:18  SCV  
  52  5:22  SCV  
  52  5:24  Marine x2  
  55  5:29  Supply Depot, SCV  
  55  5:32  SCV  
  55  5:34  Marine x2, SCV  
  60  5:37  Marine  
  60  5:41  Terran Infantry Weapons Level 1  
  61  5:43  Terran Infantry Armor Level 1  
  61  5:50  Marine x2  
  61  5:52  SCV x2  
  61  5:53  Orbital Command  
  61  5:56  Supply Depot  
  65  5:58  Marine x2  
  65  6:02  Medivac  
  69  6:08  Supply Depot  
  69  6:18  Medivac, Marine x3, SCV x2  
  76  6:22  Marine  
  76  6:23  Marine  
  65  6:35  Marine x2  
  65  6:36  Marine  
  65  6:37  Combat Shields  
  53  6:40  Marine  
  53  6:41  Marine  
  54  6:49  Siege Tank  
  54  6:50  SCV  
  54  6:51  SCV x2  
  54  6:53  Marine x2  
  61  6:59  Armory  
  61  7:09  SCV x3  
  61  7:10  Barracks  
  61  7:11  Barracks  
  64  7:18  Supply Depot  
  64  7:19  Marine x2  
  64  7:21  SCV x2  
  68  7:23  Marine  
  68  7:28  Medivac  
  71  7:30  Medivac  
  71  7:31  SCV  
  71  7:34  SCV x2  
  71  7:36  Marine  
  74  7:49  Marine x3, Terran Infantry Weapons Level 2, Terran Infantry Armor Level 2  
  74  7:51  SCV x2  
  78  8:04  Marine  
  77  8:06  Barracks Reactor x2  
  77  8:07  Siege Tank  
  77  8:08  SCV x2  
  77  8:09  SCV  
  77  8:11  Marine x3  
  77  8:12  Supply Depot  
  84  8:19  Marine  
  85  8:21  SCV  
  85  8:22  Marine, SCV x2  
  85  8:24  Supply Depot, Terran Vehicle Weapons Level 1  
  85  8:26  Medivac  
  91  8:30  Supply Depot, Factory  
  91  8:34  Marine  
  91  8:35  Marine x2  
  91  8:41  SCV x3  
  96  8:43  Marine  
  96  8:44  Supply Depot, Marine  
  96  8:45  Supply Depot  
  99  8:51  Marine x2  
  99  8:52  Siege Tank  
  99  8:53  Supply Depot  
  100  9:03  SCV x2  
  100  9:07  Marine x4  
  100  9:08  Marine x2  
  100  9:09  Medivac  
  110  9:20  Marine x2  
  110  9:21  Factory Tech Lab  
  110  9:22  SCV x2  
  107  9:24  Siege Tank  
  107  9:30  Supply Depot  
  107  9:31  Supply Depot  
  110  9:33  Medivac  
  110  9:35  SCV  
  110  9:36  SCV x2  
  115  9:39  Medivac  
  115  9:44  Marine x3, Command Center  
  115  9:45  Marine  
  121  9:46  Marine  
  121  9:48  SCV  
  123  9:56  Siege Tank  
  123  9:59  Marine x4  
  125  10:00  Siege Tank  
  125  10:02  Marine  
  125  10:03  Supply Depot  
  125  10:05  Refinery, Supply Depot, SCV  
  125  10:06  Refinery  
  130  10:18  Marine x2  
  130  10:19  Marauder  
  130  10:20  SCV x2  
  130  10:21  SCV  
  130  10:25  Marine x4  
  130  10:26  Marine  
  135  10:28  Supply Depot  
  135  10:39  Siege Tank  
  135  10:40  Marine  
  135  10:41  Marauder, Marine  
  142  10:47  Marine x3, Siege Tank  
  142  10:48  Marine  
  149  10:56  Supply Depot  
  142  11:06  Marine x4  
  142  11:07  Marauder  
  137  11:14  Marine  
  137  11:15  Marine x3  
  115  11:24  Marine x4  
Tags
 
Add a new tag
Caveats
  • Supply blocks, unpowered buildings, or Contaminate may cause inaccurate times.
  • Supply counts are checked every 10 seconds.